 Dungeon Crawl Stone Soup version 0.14-a0-1739-g6c2808e (webtiles) character file.

227 Kae the Insei (level 4, -9/35 HPs)
             Began as a Draconian Transmuter on Jan 3, 2014.
             Killed by divine providence
             ... invoked by an orc priest
              (12 damage)
             ... on Level 3 of the Dungeon.
             The game lasted 00:03:30 (2771 turns).

Kae the Insei (Draconian Transmuter)                Turns: 2771, Time: 00:03:30

HP  -9/35        AC  7     Str 12      XL: 4   Next: 21%
MP   7/7         EV 17     Int 14      God:
Gold 145         SH  0     Dex 18      Spells:  3 memorised,  1 level left

rFire  . . .     SeeInvis .       - Unarmed
rCold  . . .     Clarity  .     (armour unavailable)
rNeg   . . .     Conserve .     (no shield)
rPois  .         rCorr    .     (helmet restricted)
rElec  .         rRot     .     (no cloak)
SustAb . .       Spirit   .     (no gloves)
rMut   .         Warding  .     z - +1 pair of boots
Saprov . . .     Stasis   .     (no amulet)
                                m - +1 ring of dexterity
                                f - +7,+4 ring of slaying

@: confused, agile, slightly resistant to hostile enchantments, fairly stealthy
A: unfitting armour, AC +5
a: no special abilities


You were on level 3 of the Dungeon.
You were hungry.

You visited 1 branch of the dungeon, and saw 3 of its levels.

You collected 145 gold pieces.

Inventory:

Missiles
 b - 58 arrows
 A - 18 arrows of frost
Armour
 z - a +1 pair of boots (worn)
Comestibles
 a - 3 bread rations
 r - a choko
Scrolls
 e - a scroll of remove curse
 j - a scroll of noise {unknown}
 t - a scroll of magic mapping
 w - a scroll of amnesia
Jewellery
 f - a +7,+4 ring of slaying (left hand)
 m - a +1 ring of dexterity (right hand)
 y - an uncursed ring of teleportation
Potions
 c - a potion of flight
 h - a potion of restore abilities
 i - a potion of agility
 s - a potion of curing {unknown}
 u - a potion of invisibility {unknown}
Books
 d - a book of Changes

   Spells                             Type                      Level
   *Beastly Appendage                 Transmutation                1
   *Sticks to Snakes                  Transmutation                2
   *Spider Form                       Transmutation/Poison         3
   Ice Form                           Ice/Transmutation            4
   Blade Hands                        Transmutation                5


   Skills:
 - Level 1.1 Fighting
 - Level 1.7 Dodging
 * Level 4.4 Unarmed Combat
 - Level 2.0 Spellcasting
 + Level 3.1 Transmutations


You had one spell level left.
You knew the following spells:

 Your Spells              Type           Power        Failure   Level  Hunger
a - Beastly Appendage     Trmt           ##....       10%         1    ##.....
b - Sticks to Snakes      Trmt           ##........   12%         2    ###....
c - Spider Form           Trmt/Pois      #.........   38%         3    ####...


Dungeon Overview and Level Annotations

Branches:
Dungeon (3/16)

Altars:
Nemelex Xobeh


Message History

You hit the orc priest but do no damage.
The orc priest is moderately wounded.
The orc priest barely misses you.
Drink which item? (? for menu, Esc to quit)
You feel agile all of a sudden. The orc priest closely misses you.
You hit the orc priest but do no damage.
Your tail-slap misses the orc priest.
The orc priest is moderately wounded.
You hit the orc priest.
The orc priest is moderately wounded.
The orc priest calls down the wrath of Beogh upon you.
Pain shoots through your body!
* * * LOW HITPOINT WARNING * * *
Drink which item? (? for menu, Esc to quit)
You are confused.
It was a potion of confusion.
The orc priest calls down the wrath of Beogh upon you.
Something smites you!
You die...

,,,,, #>..........# #######%####
** *#,#.#########.# #.# ** #.#.#
#.# #.# ,####.#.#########.# #.#
,+.....%..........#########.#
,####+#.....................#
#..........#...#.###########
,#..........####o..........#
,#..........####@........#.#
*#...........[.[<..###<..#.######
#..........####$..##....#.......
######'##### #...##....#######.
##'########.......#.........
#.........##.######.########
#.........##.# #.# #.%.......##.#
#.# #.o.......##.# #.#


You could see an orc priest.

Vanquished Creatures
  2 adders (D:2)
  2 giant geckos
  5 orcs
  3 giant cockroaches
  6 goblins
  7 hobgoblins
  7 jackals (D:1)
  4 bats
  6 giant newts
  6 kobolds
  A quokka (D:2)
  6 rats
55 creatures vanquished.

Notes
Turn   | Place    | Note
--------------------------------------------------------------
     0 | D:1      | Kae, the Draconian Transmuter, began the quest for the Orb.
     0 | D:1      | Reached XP level 1. HP: 16/16 MP: 3/3
   313 | D:1      | Reached XP level 2. HP: 17/23 MP: 4/4
   338 | D:1      | Found a sparkling altar of Nemelex Xobeh.
   708 | D:1      | Reached XP level 3. HP: 14/28 MP: 4/6
  1001 | D:2      | Learned a level 2 spell: Sticks to Snakes
  1005 | D:2      | Learned a level 3 spell: Spider Form
  1210 | D:2      | Reached skill level 4 in Unarmed Combat
  1929 | D:3      | Reached XP level 4. HP: 35/35 MP: 5/7
  2771 | D:3      | Killed from afar by an orc priest

Action                   |  1- 3 |  4- 6 || total
-------------------------+-------+-------++-------
Melee: Unarmed           |   166 |    32 ||   198
 Cast: Beastly Appendage |     9 |     2 ||    11
  Use: Scroll            |       |    12 ||    12
       Potion            |       |     2 ||     2
 Stab: Sleeping          |     2 |       ||     2
